 Dungeon Crawl Stone Soup version 0.21.1-1-g345015f (webtiles) character file.

20385 kae the Martial Artist (level 12, 0/81 HPs)
             Began as an Octopode Transmuter on May 28, 2018.
             Was a High Priest of Cheibriados.
             Slain by a four-headed hydra (15 damage)
             ... on level 4 of the Lair of Beasts.
             The game lasted 00:17:47 (18118 turns).

kae the Martial Artist (Octopode Transmuter)       Turns: 18118, Time: 00:17:48

Health: 0/81       AC:  1    Str: 23    XL:     12   Next: 78%
Magic:  7/22       EV: 26    Int: 27    God:    Cheibriados [*****.]
Gold:   641        SH:  8    Dex: 31    Spells: 14/25 levels left

rFire    + + .     SeeInvis .     - Unarmed
rCold    x x .     Gourm    .   g - +1 buckler
rNeg     . . .     Faith    .   (helmet restricted)
rPois    +         Spirit   .   (no amulet)
rElec    .         Reflect  .   h - ring of fire
rCorr    .         Harm     .   s - ring of fire
MR       .....                  C - ring of stealth
Stlth    ++++++....             F - ring of flight
HPRegen  0.23/turn              H - +3 ring of dexterity
MPRegen  0.18/turn              J - ring of poison resistance
                                R - ring of the Shining Light {EV+4 Str+3}
                                (no ring)

@: very slow
A: almost no armour, stealthy swim, amphibious, 8 rings, constrict 8, camouflage
1, gelatinous body 1
a: Bend Time, Temporal Distortion, Slouch, Step From Time, Renounce Religion,
Evoke Flight


You were on level 4 of the Lair of Beasts.
You worshipped Cheibriados.
Cheibriados was extremely pleased with you.
You were near starving.

You visited 3 branches of the dungeon, and saw 15 of its levels.

You collected 641 gold pieces.

Inventory:

Missiles
 a - 124 arrows
Armour
 g - a +1 buckler (worn)
Jewellery
 h - a ring of fire (left tentacle)
 s - a ring of fire (right tentacle)
 C - a ring of stealth (on tentacle)
 F - a ring of flight (on tentacle)
 H - a +3 ring of dexterity (on tentacle)
 J - a ring of poison resistance (on tentacle)
 R - the ring of the Shining Light (on tentacle) {EV+4 Str+3}
   (You acquired it on level 3 of the Lair of Beasts)

   [ring of evasion]

   It affects your evasion (+4).
   It affects your strength (+3).
Wands
 j - a wand of flame (171)
 m - a wand of disintegration (14)
 v - a wand of acid (8)
 y - a wand of enslavement (15)
 D - a wand of iceblast (9)
Scrolls
 d - 3 scrolls of amnesia
 k - 6 scrolls of teleportation
 q - 3 scrolls of enchant armour
 r - 4 scrolls of remove curse
 u - 3 scrolls of fog
 w - a scroll of acquirement
 A - 2 scrolls of magic mapping
 I - 5 scrolls of identify
 L - 2 scrolls of blinking
 O - 2 scrolls of enchant weapon
Potions
 e - 2 potions of berserk rage
 f - 3 potions of agility
 i - 3 potions of might
 l - 3 potions of degeneration {unknown}
 o - 5 potions of curing
 p - 3 potions of ambrosia {unknown}
 t - a potion of mutation {unknown}
 z - 2 potions of brilliance {unknown}
 B - 3 potions of flight
 G - a potion of haste {unknown}
 P - a potion of resistance {unknown}
 Q - a potion of invisibility {unknown}
Books
 b - a book of Changes

   Spells                             Type                      Level
   a - Beastly Appendage              Transmutation                1
   b - Sticks to Snakes               Transmutation                2
   c - Spider Form                    Transmutation/Poison         3
   d - Ice Form                       Ice/Transmutation            4
   e - Blade Hands                    Transmutation                5
 n - a book of Maledictions

   Spells                             Type                      Level
   a - Corona                         Hexes                        1
   b - Ensorcelled Hibernation        Hexes/Ice                    2
   c - Confuse                        Hexes                        3
   d - Tukima's Dance                 Hexes                        3
   e - Dazzling Spray                 Conjuration/Hexes            3
 x - a book of Debilitation

   Spells                             Type                      Level
   a - Corona                         Hexes                        1
   b - Slow                           Hexes                        2
   c - Inner Flame                    Hexes/Fire                   3
   d - Portal Projectile              Hexes/Translocation          3
   e - Cause Fear                     Hexes                        4
   f - Leda's Liquefaction            Hexes/Earth                  4
 E - a book of Air

   Spells                             Type                      Level
   a - Shock                          Conjuration/Air              1
   b - Swiftness                      Charms/Air                   2
   c - Static Discharge               Conjuration/Air              3
   d - Airstrike                      Air                          4
   e - Lightning Bolt                 Conjuration/Air              5
Comestibles
 c - 28 rations


   Skills:
 + Level 7.4 Fighting
 + Level 7.6 Dodging
 + Level 5.4 Stealth
 - Level 4.0 Shields
 * Level 10.8 Unarmed Combat
 + Level 7.1 Spellcasting
 * Level 10.6 Transmutations
 + Level 5.3 Invocations


You had 14 spell levels left.
You knew the following spells:

 Your Spells              Type           Power        Failure   Level  Hunger
a - Beastly Appendage     Tmut           ######       1%          1    None
b - Sticks to Snakes      Tmut           ######..     1%          2    None
c - Spider Form           Tmut/Pois      #####.....   1%          3    None
d - Blade Hands           Tmut           ######....   1%          5    #####..


Dungeon Overview and Level Annotations

Branches:
Dungeon (10/15)            Temple (1/1) D:6            Lair (4/6) D:10
  Snake (0/4) Lair:2          Orc (0/2) D:9
  Swamp: Lair:2-4    Shoals: Lair:2-4

Altars:
Ashenzari
Cheibriados
Dithmenos
Elyvilon
Fedhas
Gozag
Hepliaklqana
Kikubaaqudgha
Makhleb
Nemelex Xobeh
Okawaru
Qazlal
Ru
Sif Muna
Trog
Uskayaw
Vehumet
Wu Jian
Xom
Yredelemnul
Zin
The Shining One

Shops:
D:4 =   D:6 }

Annotations:
D:3 Sigmund; Zorot's ghost, amateur DEFE


Innate Abilities, Weirdness & Mutations

You cannot wear most types of armour.
You are very stealthy in the water. (Stealth+)
You are amphibious.
You can wear up to eight rings at the same time.
You can use your tentacles to constrict eight enemies at once.
Your skin changes colour to match your surroundings (Stealth+).
Your rubbery body absorbs attacks. (AC +1, EV +1)


Message History

You block the four-headed hydra's attack.
The four-headed hydra bites you. The yak closely misses you. The yak gores you.
You can feel time thicken for a moment.
You are near starving!
Cheibriados lowers the support of your attributes as your movement quickens.
The four-headed hydra barely misses you.
The four-headed hydra completely misses you.
The four-headed hydra barely misses you. x2
The yak misses you. The yak gores you.
You can feel time thicken for a moment.
You kill the yak!
Cheibriados appreciates the change of pace.
You kill the yak!
Cheibriados thoroughly appreciates the change of pace.
You feel somewhat more hungry.
Cheibriados lowers the support of your attributes as your movement quickens.
The four-headed hydra bites you!
* * * LOW HITPOINT WARNING * * *
The four-headed hydra bites you!
You die...

### #####..####
.##.....#...##.
...............
≈≈##...........
≈≈###..........
≈≈####.†D......
≈≈####.@.......
##..#..........
.........)...P.
.........!..P.P
...............
...............
...............
.........+####.


You could see a four-headed hydra.

Vanquished Creatures
  A hydra (Lair:1)
  2 two-headed ogres
  Pikel (D:7)
  6 elephants (Lair:3)
  2 black mambas (Lair:2)
  Joseph (Lair:1)
  Psyche (D:9)
  2 spiny frogs
  4 komodo dragons (Lair:3)
  A troll (D:9)
  Prince Ribbit (D:6)
  4 hippogriffs
  28 yaks
  A shadow (D:10)
  A spriggan (D:7)
  2 wyverns (Lair:3)
  A hungry ghost (D:9)
  Menkaure (D:7)
  2 wargs (D:10)
  10 water moccasins
  Duvessa (D:4)
  5 porcupines
  3 ice beasts
  6 orc warriors
  4 sky beasts
  3 slaves (D:7)
  4 black bears
  An ogre (D:8)
  4 wolves
  5 centaurs
  4 crocodiles
  A big kobold (D:9)
  A gnoll sergeant (D:6)
  10 bullfrogs
  Dowan (D:4)
  A water moccasin skeleton (D:8)
  A scorpion (D:4)
  4 wights (D:8)
  2 bullfrog zombies
  5 crimson imps
  5 hounds
  A bullfrog skeleton (D:8)
  A centaur skeleton (D:9)
  A gnoll shaman (D:5)
  3 orc priests
  Jessica (D:3)
  Ijyb (D:3)
  Terence (D:3)
  9 orc wizards
  5 worker ants
  2 hound zombies
  A hound skeleton (D:4)
  12 gnolls
  17 adders
  2 shadow imps
  2 adder skeletons
  2 adder zombies
  6 worms
  2 dart slugs
  4 leopard geckos
  31 orcs
  4 bats
  6 giant cockroaches
  10 goblins
  13 hobgoblins
  8 jackals (D:1)
  4 quokkas
  3 ball pythons
  2 frilled lizards
  15 kobolds
  2 leopard gecko skeletons
  A leopard gecko zombie (D:8)
  A quokka skeleton (D:7)
  4 rats
  2 rat zombies (D:4)
  2 plants
324 creatures vanquished.

Vanquished Creatures (others)
  A slave (D:7)
  3 fungi
  3 plants
7 creatures vanquished.

Grand Total: 331 creatures vanquished

Notes
Turn   | Place    | Note
-------+----------+-------------------------------------------
     0 | D:1      | kae the Octopode Transmuter began the quest for the Orb.
     0 | D:1      | Reached XP level 1. HP: 13/13 MP: 3/3
    32 | D:1      | Reached XP level 2. HP: 14/18 MP: 5/5
   481 | D:1      | Reached XP level 3. HP: 21/23 MP: 4/6
   485 | D:1      | Learned a level 2 spell: Sticks to Snakes
   489 | D:1      | Learned a level 3 spell: Spider Form
  1386 | D:2      | Reached XP level 4. HP: 19/28 MP: 5/7
  2340 | D:3      | Noticed Sigmund
  2905 | D:3      | Noticed Ijyb
  3137 | D:3      | Killed Ijyb
  3137 | D:3      | Reached XP level 5. HP: 33/34 MP: 4/8
  3181 | D:3      | Noticed Terence
  3199 | D:3      | Killed Terence
  3287 | D:3      | Found a faded altar of an unknown god.
  3376 | D:3      | Noticed Jessica
  3381 | D:3      | Killed Jessica
  3435 | D:3      | Noticed Zorot's ghost (amateur DEFE)
  3582 | D:3      | Found a shadowy altar of Dithmenos.
  3815 | D:3      | Noticed an angel
  3816 | D:3      | Found a glowing silver altar of Zin.
  3848 | D:4      | Found an ornate altar of the Wu Jian Council.
  3856 | D:4      | HP: 1/34 [orc priest (4)]
  3858 | D:4      | Reached XP level 6. HP: 26/39 MP: 2/10
  3977 | D:4      | Found Veonil's Jewellery Boutique.
  4523 | D:4      | Found an ancient bone altar of Kikubaaqudgha.
  4696 | D:4      | Noticed Dowan
  4699 | D:4      | Noticed Duvessa
  4711 | D:4      | Killed Duvessa
  4712 | D:4      | HP: 2/41 [Dowan/dagger (5)]
  4714 | D:4      | Killed Dowan
  4714 | D:4      | Reached XP level 7. HP: 34/45 MP: 9/11
  5084 | D:5      | Entered Level 5 of the Dungeon
  5113 | D:5      | Reached skill level 5 in Unarmed Combat
  5724 | D:5      | Reached skill level 5 in Transmutations
  5823 | D:5      | Reached XP level 8. HP: 40/52 MP: 6/13
  6006 | D:5      | Found a shattered altar of Ashenzari.
  6371 | D:6      | Found Isus's Gadget Shoppe.
  6376 | D:6      | Noticed Prince Ribbit
  6547 | D:6      | Killed Prince Ribbit
  6547 | D:6      | Reached skill level 1 in Shields
  6824 | D:6      | Found a staircase to the Ecumenical Temple.
  7016 | Temple   | Entered the Ecumenical Temple
  7158 | Temple   | Became a worshipper of Cheibriados the Contemplative
  7458 | D:6      | Found an ancient bone altar of Kikubaaqudgha.
  7583 | D:6      | Reached XP level 9. HP: 36/58 MP: 15/15
  8211 | D:7      | Noticed Pikel
  8242 | D:7      | Killed Pikel
  8466 | D:6      | Learned a level 5 spell: Blade Hands
  8656 | D:7      | Reached * piety under Cheibriados
  8970 | D:7      | Reached skill level 5 in Dodging
  9357 | D:7      | Noticed Menkaure
  9370 | D:7      | Killed Menkaure
  9662 | D:8      | Reached skill level 5 in Spellcasting
  9674 | D:8      | Found a bloodstained altar of Trog.
  9693 | D:8      | Reached XP level 10. HP: 22/65 MP: 14/17
  9931 | D:8      | Reached ** piety under Cheibriados
 10029 | D:8      | Reached skill level 5 in Fighting
 11369 | D:9      | Noticed a dagger
 11370 | D:9      | Noticed a hand axe
 11374 | D:9      | Found a hide-covered altar of Uskayaw.
 11382 | D:9      | Noticed Psyche
 11389 | D:9      | Killed Psyche
 11466 | D:9      | Noticed a two-headed ogre
 11470 | D:9      | Killed a two-headed ogre
 11470 | D:9      | Reached skill level 1 in Invocations
 12034 | D:9      | Found a stormy altar of Qazlal.
 12103 | D:9      | Found a staircase to the Orcish Mines.
 12124 | D:9      | Reached *** piety under Cheibriados
 12294 | D:10     | Entered Level 10 of the Dungeon
 12320 | D:10     | Found a staircase to the Lair.
 12330 | D:10     | HP: 3/68 [orc warrior/war axe (23)]
 12541 | D:10     | Noticed a two-headed ogre
 12551 | D:10     | Killed a two-headed ogre
 12551 | D:10     | Reached XP level 11. HP: 51/72 MP: 9/19
 13458 | Lair:1   | Entered Level 1 of the Lair of Beasts
 13499 | Lair:1   | Reached **** piety under Cheibriados
 13585 | Lair:1   | Noticed a five-headed hydra
 13643 | Lair:1   | Killed a five-headed hydra
 13977 | Lair:1   | Reached skill level 1 in Stealth
 14218 | Lair:1   | Noticed Joseph
 14224 | Lair:1   | Killed Joseph
 14900 | Lair:2   | Found a staircase to the Snake Pit.
 15243 | Lair:2   | Reached skill level 10 in Unarmed Combat
 15379 | Lair:2   | Reached ***** piety under Cheibriados
 15418 | Lair:2   | Reached XP level 12. HP: 50/80 MP: 14/21
 16224 | Lair:3   | Identified 2 scrolls of acquirement
 16225 | Lair:3   | Got a crude steel ring
 16259 | Lair:3   | Identified the ring of the Shining Light {EV+4 Str+3} (You acquired it on level 3 of the Lair of Beasts)
 16298 | Lair:3   | Reached skill level 10 in Transmutations
 17104 | Lair:3   | Reached skill level 5 in Invocations
 17139 | Lair:3   | Reached skill level 5 in Stealth
 17829 | Lair:4   | Noticed a four-headed hydra
 18118 | Lair:4   | Slain by a four-headed hydra

Skill      XL: |  1  2  3  4  5  6  7  8  9 10 11 12 |
---------------+-------------------------------------+-----
Transmutations | 3 4 5 6 7 8 9 10 | 10.6
Fighting       | 2 3 4 5 6 7 |  7.4
Unarmed Combat | 4 5 6 7 9 10 | 10.8
Dodging        | 3 4 5 6 7 |  7.6
Spellcasting   | 3 4 5 6 7 |  7.1
Shields        | 1 3 4 |  4.0
Invocations    | 2 4 5 |  5.3
Stealth        | 3 5 |  5.4

Action                   |  1- 3 |  4- 6 |  7- 9 | 10-12 || total
-------------------------+-------+-------+-------+-------++-------
Melee: Unarmed           |    69 |   145 |   314 |   408 ||   936
       Constrict         |    24 |    36 |    50 |    45 ||   155
       Kick              |    15 |     3 |     4 |    12 ||    34
       Tentacles         |    15 |    24 |    52 |   108 ||   199
       Punch             |     1 |     5 |     7 |    50 ||    63
 Cast: Beastly Appendage |    11 |     2 |     3 |     2 ||    18
       Spider Form       |       |     6 |    15 |    10 ||    31
       Blade Hands       |       |       |     1 |    18 ||    19
Invok: Slouch            |       |       |       |     3 ||     3
Evoke: Wand              |       |       |       |     4 ||     4
  Use: Scroll            |       |     6 |     5 |     9 ||    20
       Potion            |       |     2 |     3 |     3 ||     8
 Stab: Sleeping          |     3 |     4 |     5 |     9 ||    21
       Distracted        |       |       |       |     2 ||     2
  Eat: Chunk             |     1 |     9 |    13 |    14 ||    37
       Ration            |       |     1 |     1 |     1 ||     3
Armor: Skin              |     4 |    12 |    11 |     7 ||    34
Dodge: Dodged            |    28 |    99 |   181 |   324 ||   632
Block: Buckler           |     2 |    18 |    32 |    72 ||   124
